cohdb
Replays
Latest Replays
All Replays
Popular Replays
Top Player Replays
Match Explorer
How It Works
Community
CoH3 Stats
Reddit
Sign in to upload your games and track your stats! →
Sign in with Steam
Match 44422558
Unlisted
Match 44422558
Overview
Messages
Build Orders
End
Construct Infanterie Kompanie
Selects Luftwaffe Battlegroup
Selects Luftwaffe Pioneer Support
Fallschirmpioneer Squad Paradrop
MG 42 Machine Gun Team
MG 42 Machine Gun Team
Construct Luftwaffe Kompanie
Support Elements
GrW 34 Mortar Team
Selects Stuka Strafing Run
Stuka Strafing Run
Fallschirmpioneer Squad Paradrop
Jäger Squad
Wirbelwind Flakpanzer
Selects Fallschirmjäger Squad Paradrop
Joraad
P_E_Z
marty87
Гуляй-город
socksniffr
aliasonline
Kickapoo
Ar-Pharazôn
0
0
Comments
sign in to comment!
No comments posted yet!